 Dungeon Crawl Stone Soup version 0.30.1-4-g462c640d31 (webtiles) character file.

Game seed: 2019821804048351902

137 lonewolfV2 the Trooper (level 5, 0/46 HPs)
             Began as a Draconian Fighter on Aug 28, 2023.
             Was an Initiate of Lugonu.
             Slain by an orc
             ... wielding a +0 trident
              (7 damage)
             ... on level 4 of the Dungeon.
             The game lasted 00:03:50 (2645 turns).

lonewolfV2 the Trooper (Draconian Fighter)          Turns: 2645, Time: 00:03:50

Health: 0/46       AC:  5    Str: 21    XL:     5   Next: 0%
Magic:  5/5        EV: 12    Int:  8    God:    Lugonu [......]
Gold:   156        SH:  0    Dex: 10    Spells: 4/4 levels left

rFire   . . .        a - +1 war axe (flame)
rCold   . . .        b - +1 buckler
rNeg    . . .        (body armour unavailable)
rPois   .            (helmet restricted)
rElec   .            (no cloak)
rCorr   .            (no gloves)
SInv    .            (no boots)
Will    .....        (no amulet)
Stlth   +            (no ring)
HPRegen 0.27/turn    (no ring)
MPRegen 0.09/turn

%: no passive effects
@: confused
A: AC +5, unfitting armour, cold-blooded
a: Renounce Religion


You were on level 4 of the Dungeon.
You worshipped Lugonu.
Lugonu was noncommittal.
You visited 1 branch of the dungeon, and saw 4 of its levels.

You collected 156 gold pieces.

Inventory:

Hand Weapons
 a - a +1 war axe of flaming (weapon)
Armour
 b - a +1 buckler (worn)
Jewellery
 k - a ring of resist corrosion
 o - a ring of magical power
 t - a +6 ring of strength
Wands
 s - a wand of digging (7)
Scrolls
 d - a scroll of enchant weapon
 f - a scroll of enchant armour
 g - 2 scrolls of fear
 n - 2 scrolls of teleportation
 p - a scroll of summoning {unknown}
 q - a scroll of magic mapping
 r - a scroll of acquirement {unknown}
Potions
 c - a potion of might
 e - 2 potions of brilliance {unknown}
 h - 2 potions of degeneration {unknown}
 i - 2 potions of attraction {unknown}
 j - 5 potions of curing
 l - 2 potions of lignification {unknown}
 m - a potion of cancellation {unknown}


   Skills:
 + Level 4.1 Fighting
 + Level 3.6 Axes
 + Level 3.3 Dodging
 + Level 1.1 Stealth
 + Level 3.3 Shields


You had 4 spell levels left.
You didn't know any spells.
Your spell library contained the following spells:

 Spells                   Type           Power      Damage    Failure   Level
 Tukima's Dance           Hex            0%         N/A       85%         3
 Passage of Golubria      Tloc           0%         N/A       99%         4
 Yara's Violent Unravell  Hex/Tmut       0%         3d3       100%        5


Dungeon Overview and Level Annotations

Branches:
Dungeon (4/15)
 Temple: D:4-7

Altars:
Lugonu

Shops:
D:3 !   D:4 (

Portals:
Abyss: D:3


Innate Abilities, Weirdness & Mutations

Your plain brown scales are hard. (AC +5)
You cannot fit into any form of body armour.
You are cold-blooded and may be slowed by cold attacks.


Message History

You barely miss the orc.
The orc hits you from afar with a +0 trident.
The orc priest hits you but does no damage.
You hit the orc priest. You burn the orc priest.
You tail-slap the orc priest, but do no damage.
The orc priest is severely wounded.
You hit the orc. You burn the orc. The orc hits you but does no damage.
The orc priest calls upon Beogh to heal the orc.
The orc's wounds heal themselves!
The orc hits you but does no damage.
Unknown command.
You hit the orc priest. You burn the orc priest.
You kill the orc priest!
Lugonu accepts your kill.
You closely miss the orc. You closely miss something.
You block the orc's attack. Something completely misses you.
The orc hits you with a +0 whip. The orc completely misses you.
The orc hits you with a +0 whip.
* * * LOW HITPOINT WARNING * * *
Something hits you but does no damage.
Your Stealth skill increases to level 1!
You slash the orc! You burn the orc.
You kill the orc!
Lugonu accepts your kill.
You miss something. The orc misses you.
You hear some strange, mumbled words.
You are confused.
You have reached level 5!
The orc completely misses you.
Things that are here:
a +0 whip; an orc corpse You closely miss something.
Your tail-slap misses something.
The orc hits you but does no damage. Something hits you but does no damage.
The orc hits you with a +0 trident.
* * * LOW HITPOINT WARNING * * *
Something hits you but does no damage.
You closely miss the orc. You barely miss something. The orc misses you.
Something hits you but does no damage. Something hits you.
* * * LOW HITPOINT WARNING * * *
The orc hits you with a +0 trident!
You die...

###### .....#
.....# .... #
#####..##.#
#.........#
###.#.......#
##.)....######
#..@)##.##
##.o.....#
#.#.##..#
...#.....###
...##.##....# #...
#.##..#.### #...
≈≈......>.#
#..~≈≈≈≈#..#.#####
...∩≈≈.........#


You could see an orc.

Vanquished Creatures
  An orc priest (D:4)
  An iguana (D:4)
  2 worms (D:2)
  2 dart slugs
  An orc (D:4)
  7 endoplasms
  5 giant cockroaches
  9 goblins
  4 hobgoblins
  12 kobolds
  2 quokkas
  5 ball pythons
  7 bats
  7 rats
65 creatures vanquished.

Notes
Turn   | Place    | Note
-------+----------+-------------------------------------------
     0 | D:1      | lonewolfV2 the Draconian Fighter began the quest for the
                  | Orb.
     0 | D:1      | Reached XP level 1. HP: 19/19 MP: 1/1
    83 | D:1      | Reached XP level 2. HP: 8/26 MP: 2/2
   725 | D:2      | Reached XP level 3. HP: 32/33 MP: 3/3
  1542 | D:3      | Found Ugais's Distillery.
  1734 | D:3      | Found a large runed translucent door.
  1741 | D:3      | Found a large runed translucent door.
  1748 | D:3      | Found a corrupted altar of Lugonu.
  1765 | D:3      | Became a worshipper of Lugonu the Unformed
  1802 | D:3      | Found a one-way gate to the infinite horrors of the Abyss.
  1977 | D:3      | Reached XP level 4. HP: 38/40 MP: 4/4
  2026 | D:3      | Reached skill level 4 in Fighting
  2586 | D:4      | Found Jofruicodgh's Antique Weapon Shoppe.
  2641 | D:4      | Reached skill level 1 in Stealth
  2642 | D:4      | Reached XP level 5. HP: 14/46 MP: 5/5
  2645 | D:4      | Slain by an orc

Illustrated notes

Levels and vault maps discovered:
D:1:      dpeg_arrival_pits, layout_rooms
D:2:      cheibrodos_helix_gallery, layout_loops_ring
D:3:      due_chaos_kobolds, layout_basic, serial_shops, shop
D:4:      layout_basic, minmay_temple_entry_nine_rooms, serial_shops, shop,
          nicolae_shop_waterfront, minmay_ruined_shrine

Skill      XL: |  1  2  3  4 |
---------------+-------------+-----
Dodging        | 3 |  3.3
Axes           | 3 |  3.6
Fighting       | 4 |  4.1
Stealth        | 1 |  1.1
Shields        | |  3.3

Action                     |  1- 3 |  4- 6 || total
---------------------------+-------+-------++-------
  Melee: War axe           |   137 |    23 ||   160
         Tailslap          |     9 |     2 ||    11
    Use: Scroll            |    12 |       ||    12
   Stab: Sleeping          |     1 |     1 ||     2
 Armour: Skin              |    59 |    21 ||    80
  Dodge: Dodged            |    97 |    13 ||   110
  Block: Buckler           |    44 |     6 ||    50
